[Event "*** Titled Tuesday 3|2 Blitz"]
[Site "Chess.com"]
[Date "2016.06.07"]
[Round "3"]
[White "1random"]
[Black "sandropozo"]
[Result "0-1"]
[WhiteElo "2122"]
[BlackElo "2413"]
[TimeControl "180+2"]
[EndTime "17:35:12 PDT"]
[Termination "sandropozo won by resignation"]

1. e4 e6 2. d3 d5 3. Nd2 Nc6 4.
Ngf3 Nf6 5. c3 a5 6. Be2 e5 7. O-O Bd6 8. b3 O-O 9. a3 Re8 10. Bb2 Ne7 11. b4 Ng6 12. g3 c6 13. Re1 h6 14. Bf1 Bg4 15. h3 Bd7 16. Bg2 Nh7 17.
Kh2 Qf6 18. exd5 cxd5 19. c4 axb4 20. axb4 Bxb4 21. Rxa8 Rxa8 22. Nxe5 Nxe5 23. Bxe5 Qxf2 24. Re2 Qf5 25. cxd5 Ng5 26. Qf1 Qxd3 27. Nf3 Bb5 28. Rf2 Qxf1 29. Bxf1 Bc5 30. Nd4 Bxf1 31. Rxf1 Ra2+ 32.
Kh1 f6 33. d6 fxe5 34. d7 Ra8 35. h4 exd4 36. hxg5 Rd8 37. Rc1 b6 38. gxh6 gxh6 39. Kg2 Rxd7 40. g4 d3 41. g5 d2 42. Rd1 hxg5 43.
Kh3 Kf7 44. Kg4 Kg6 45. Kh3 Rd4 46. Kg3 Bb4 47. Kh3 g4+ 48. Kh4 Be7+ 49. Kg3 Kg5 50. Kh2 Bd6+ 51. Kg2 Rd3 52. Kh1 Kh4 53. Kg2 Bf4 54.
Kh1 Rf3 55. Kg2 Re3 56. Rh1+ Kg5 57. Rb1 Re2+ 58. Kf1 Re1+ 59. Kf2 Rxb1 60. Kg2 0-1

[Event "*** Titled Tuesday 3|2 Blitz"]
[Site "Chess.com"]
[Date "2016.06.07"]
[Round "3"]
[White "Silent_Terror"]
[Black "GianmarcoVaR"]
[Result "0-1"]
[WhiteElo "2496"]
[BlackElo "2338"]
[TimeControl "180+2"]
[EndTime "17:35:14 PDT"]
[Termination "GianmarcoVaR won by resignation"]

1. e4 c5 2. Nf3 d6 3. d4 cxd4 4. Nxd4 Nf6 5. Nc3 a6 6. Be2 e5 7. Nb3 Be7 8. Be3 Be6 9. Qd3 Nbd7 10. Nd5 O-O 11. c4 b5 12. Nd2 Rb8 13. O-O b4 14. b3 Nc5 15. Bxc5 dxc5 16. Rfd1 Ne8 17. Nf1 Bxd5 18. Qxd5 Qc7 19. Qd3 Bg5 20. Bg4 Nf6 21. Bf3 Rbd8 22. Qe2 Rd4 23. Ng3 g6 24. Qc2 Rfd8 25. Ne2 Rd2 26. Rxd2 Rxd2 27. Qb1 Qd6 28. Qe1 Qd3 29. Ng3 Qd4 30. Rd1 a5 31. Rxd2 Bxd2 32.
Qd1 h5 33. Nf1 Bf4 34. Qe2 Ne8 35. g3 Bh6 36. Qd1 Nd6 37. Qe2 a4 38. Qc2 a3 39.
h4 Nc8 40. Qd1 Ne7 41. Qxd4 cxd4 42. Be2 Kf8 43. Nh2 Nc6 44. Nf3 f6 45. Ne1 Na5 46. Nc2 Bd2 47. Bd3 Ke7 48. Kf1 Ke6 49. Ke2 Bc3 50.
f3 Nb7 51. Kd1 Nc5 52. Bf1 f5 53. exf5+ gxf5 54. Ne1 Bxe1 55. Kxe1 Nxb3 0-1

[Event "*** Titled Tuesday 3|2 Blitz"]
[Site "Chess.com"]
[Date "2016.06.07"]
[Round "3"]
[White "Bigfish1995"]
[Black "FabianEnglert"]
[Result "1-0"]
[WhiteElo "2606"]
[BlackElo "2366"]
[TimeControl "180+2"]
[EndTime "17:35:30 PDT"]
[Termination "Bigfish1995 won by resignation"]

1. Nf3 d5 2. c4 d4 3. e3 Nc6 4.
exd4 Nxd4 5. Nxd4 Qxd4 6. Nc3 c6 7. Be2 e5 8. O-O Nf6 9. d3 Be7 10. Be3 Qd8 11. d4 exd4 12. Qxd4 Qa5 13. Rad1 Be6 14.
c5 O-O 15. b4 Qc7 16. Bf4 Qc8 17. Bc4 Rd8 18. Bxe6 Qxe6 19. Bd6 Bxd6 20. cxd6 Ne8 21. Rfe1 Rxd6 22. Rxe6 Rxd4 23. Rxd4 fxe6 24. Rd7 a5 25. bxa5 Rxa5 26. Rxb7 Nd6 27. Rb8+ Kf7 28. h4 Nb5 29. Ne4 Rxa2 30. Ng5+ Kf6 31. Nxh7+ Ke5 32. Ng5 Nd4 33.
g3 c5 34. Rc8 Kd5 35. Rd8+ Kc4 36. Rd7 Ra6 37. Rxg7 Kd3 38. h5 e5 39. Rc7 c4 40.
Nf7 Nf3+ 41. Kg2 e4 42. h6 Ra1 43. Rd7+ Kc2 44. Kh3 Rh1+ 45. Kg4 c3 46. Kf5 Nd2 47. g4 Kd1 48. g5 c2 49. Rc7 Nf3 50. g6 Nh4+ 51. Kg5 Nxg6 52. Kxg6 c1=Q 53. Rxc1+ Kxc1 54. Ng5 Kd2 55. Nxe4+ Ke2 56. Ng3+ 1-0

[Event "*** Titled Tuesday 3|2 Blitz"]
[Site "Chess.com"]
[Date "2016.06.07"]
[Round "3"]
[White "JustaTrickstar"]
[Black "hermionegrangermagic"]
[Result "1-0"]
[WhiteElo "2471"]
[BlackElo "2287"]
[TimeControl "180+2"]
[EndTime "17:35:32 PDT"]
[Termination "JustaTrickstar won by resignation"]

1. d4 d5 2. c4 e6 3. Nc3 Nf6 4.
cxd5 exd5 5. Bg5 Be7 6. e3 c6 7. Bd3 O-O 8. Qc2 Nbd7 9. Nf3 Re8 10. O-O h6 11. Bf4 Nf8 12. h3 Bd6 13. Bxd6 Qxd6 14. Rab1 a5 15. a3 N8d7 16. Rfc1 Qe7 17. b4 axb4 18.
axb4 Ne4 19. b5 Ra3 20. Bxe4 dxe4 21. Nd2 Nf6 22. Nc4 Ra8 23. Nb6 Ra5 24. Nc4 Ra8 25. bxc6 bxc6 26. Rb6 Nd5 27. Nxd5 cxd5 28. Nd6 Qf6 29.
Nxc8 Qd8 30. Rc6 Qa5 31. Rc5 Qa3 32. Nb6 Rab8 33. Qa4 Qb2 34. Nxd5 Ra8 35. Qb5 Qd2 36. R5c2 Qa5 37. Qxa5 Rxa5 38. Rc8 Kf8 39. Rxe8+ Kxe8 40. Nc3 f5 41. f3 exf3 42. gxf3 Ke7 43. Kf2 Kd6 44. h4 g5 45. hxg5 hxg5 46. Ne2 Rb5 47. Rg1 f4 48. exf4 gxf4 49. Nxf4 Rb2+ 50. Ke3 Rb3+ 51.
Nd3 Rb8 52. Rg6+ Kd5 53. Rg5+ Kc4 54. Rc5+ Kb3 55. f4 Re8+ 56. Ne5 Kb4 57. f5 Rf8 58. Ke4 Rh8 59. f6 Rh4+ 60. Kd5 Rh6 61. f7 Rf6 62. Rc8 1-0

[Event "*** Titled Tuesday 3|2 Blitz"]
[Site "Chess.com"]
[Date "2016.06.07"]
[Round "3"]
[White "Semetey"]
[Black "Iball95"]
[Result "0-1"]
[WhiteElo "2468"]
[BlackElo "2465"]
[TimeControl "180+2"]
[EndTime "17:36:03 PDT"]
[Termination "Iball95 won by checkmate"]

1. b3 e5 2. Bb2 Nc6 3. c4 Nf6 4. e3 Be7 5. a3 O-O 6. Qc2 Re8 7. d3 d6 8. Nf3 Bf5 9. Nbd2 Bf8 10. Be2 h6 11. O-O Bh7 12. b4 Ne7 13. Rfd1 Qd7 14. Rac1 c6 15. Bf1 Rad8 16. Qb3 Qe6 17. Nb1 Nf5 18. Nc3 g6 19. d4 e4 20. d5 cxd5 21.
Nxd5 Nxd5 22. cxd5 Qd7 23. Nd4 Bg7 24. Nxf5 Qxf5 25.
Bxg7 Kxg7 26. Rc7 Rd7 27. Rdc1 Ree7 28. Qc3+ Qf6 29. Qxf6+ Kxf6 30. Rc8 Re5 31. Bb5 Rde7 32. Bc4 Re8 33. Rc7 R8e7 34. Bb3 Rxc7 35. Rxc7 Re7 36. Rc8 g5 37. g4 Bg6 38. h3 h5 39. Kf1 hxg4 40. hxg4 Ke5 41. b5 f6 42. Ke2 Be8 43.
a4 Bd7 44. Ra8 Bxg4+ 45. Kd2 b6 46. Rf8 Bh5 47. Rc8 Bf7 48. Rf8 Rc7 49. Ba2 Re7 50. Bb3 f5 51. Kc3 f4 52. Kd2 f3 53.
Kc3 g4 54. Ba2 g3 55. fxg3 f2 56. Bc4 Rc7 57. Rxf7 Rxf7 58. Bf1 Rg7 59. Kd2 Rxg3 60. Ke2 Rf3 61. Bg2 Rf8 62. Bf1 Kxd5 63. Kd2 Kc5 64. Ke2 d5 65. Kd2 Kb4 66. a5 Kxa5 67. Kd1 Kb4 68. Kd2 Rf3 69. Kd1 Rxe3 70. Kd2 d4 71.
Bg2 Re1 72. Bh3 f1=Q 73. Bxf1 Rxf1 74. Ke2 Rf3 75. Kd2 Rf2+ 76. Kc1 e3 77. Kb1 d3 78. Kc1 Kb3 79. Kd1 Rf1# 0-1

[Event "*** Titled Tuesday 3|2 Blitz"]
[Site "Chess.com"]
[Date "2016.06.07"]
[Round "3"]
[White "Boryboy"]
[Black "Evgeny_Levin"]
[Result "1/2-1/2"]
[WhiteElo "2552"]
[BlackElo "2716"]
[TimeControl "180+2"]
[EndTime "17:36:20 PDT"]
[Termination "Game drawn by agreement"]

1. d4 Nf6 2. Nf3 e6 3. g3 b6 4. Bg2 Bb7 5. c4 Be7 6. O-O O-O 7. d5 exd5 8. Nh4 c6 9. cxd5 Nxd5 10. Nf5 Bc5 11. e4 Qf6 12. Qg4 Ne7 13. Bg5 Qg6 14. Qh4 f6 15. Nxe7+ Bxe7 16. Be3 Qf7 17. Nc3 Na6 18.
Rad1 Rad8 19. Qg4 Nc5 20. Rd2 f5 21. exf5 Qxf5 22. Qxf5 Rxf5 23. Bh3 Re5 24. Bf4 Rh5 25.
Bg4 Rg5 26. Bxg5 Bxg5 27. Rdd1 d5 28. b4 Nd7 29. b5 Ne5 30. Be6+ Nf7 31. bxc6 Bxc6 32.
Nxd5 Kf8 33. Nb4 Bf3 34. Rxd8+ Nxd8 35. Bd5 Be2 36. Re1 Bh5 37. f4 Be7 38. Nc6 Bc5+ 39. Kg2 Nxc6 40. Bxc6 Bf7 41. Re2 a5 42. a4 Bc4 43. Re8+ Kf7 44. Rd8 h5 45. Bd5+ Ke7 46. Bxc4 Kxd8 47. Bf7 h4 48. g4 Ke7 49. Bc4 g5 50. fxg5 Be3 51. g6 Kf6 52. Bd3 Kg7 53. Kf3 Bg5 54. h3 Kf6 55. Be4 Bh6 56. Ke2 Bf4 57. Kd3 Bh6 58. Kd4 Bf4 59. Kd5 Be3 60.
Kd6 Bd4 61. Kd7 Be3 62. Ke8 Bc5 63. g5+ Kg7 64. Kd7 Bf2 65. Kc6 Bc5 66. Bf5 Be3 67. Kd5 Bxg5 68. Kc6 Be3 69. Kd5 Bg5 1/2-1/2

[Event "*** Titled Tuesday 3|2 Blitz"]
[Site "Chess.com"]
[Date "2016.06.07"]
[Round "3"]
[White "chesstatour"]
[Black "Fawolizzo"]
[Result "1-0"]
[WhiteElo "2008"]
[BlackElo "1991"]
[TimeControl "180+2"]
[EndTime "17:36:25 PDT"]
[Termination "chesstatour won by checkmate"]

1. c4 c5 2. Nc3 Nf6 3. Nf3 d5 4. cxd5 Nxd5 5. g3 Nc7 6. Bg2 Nc6 7. d3 e5 8. O-O Be7 9. Be3 O-O 10. Rc1 f6 11. Nd2 Be6 12. Na4 Nd4 13. Nxc5 Bxc5 14. Rxc5 Na6 15. Rc1 Bd5 16. Ne4 Bxa2 17. Bxd4 Qxd4 18.
b3 Nb4 19. Nc5 Rac8 20. Rc4 Qb2 21. Na4 Qa3 22. Qc1 Qxc1 23. Rfxc1 Rxc4 24. bxc4 b6 25. Nc3 Bb3 26. Rb1 a5 27. Rxb3 Rd8 28. Kf1 Kf8 29.
Nd5 Nc2 30. Rxb6 Nd4 31. e3 Nf5 32. Ra6 Rb8 33. Rxa5 Rb1+ 34. Ke2 Rb2+ 35. Kf3 Nd6 36. Ra8+ Kf7 37. c5 e4+ 38. dxe4 Nc4 39. Ra7+ Kg6 40. Nf4+ Kh6 41. g4 Ne5+ 42. Kg3 Rc2 43. Ra5 Nc4 44. Rb5 Na3 45. Rb3 Nc4 46. Ne6 Ne5 47.
f4 Nc4 48. h4 Nd2 49. g5+ fxg5 50. hxg5+ Kg6 51. f5+ Kh5 52. Bf3+ Nxf3 53. Kxf3 h6 54. g6 Rc1 55. Nxg7+ Kg5 56. Ne6+ Kf6 57.
g7 Rg1 58. Kf2 Rg4 59. Rb6 Ke5 60. Nf4 Kxe4 61. Rg6 Kxf5 62. Rxg4 Kxg4 63. g8=Q+ Kf5 64. Qg6+ Ke5 65. Qe6# 1-0

[Event "*** Titled Tuesday 3|2 Blitz"]
[Site "Chess.com"]
[Date "2016.06.07"]
[Round "3"]
[White "JusticeBot"]
[Black "platy3"]
[Result "1/2-1/2"]
[WhiteElo "2530"]
[BlackElo "2685"]
[TimeControl "180+2"]
[EndTime "17:36:40 PDT"]
[Termination "Game drawn by agreement"]

1. e4 c5 2. c3 d5 3. exd5 Qxd5 4. d4 Nf6 5. Nf3 Bg4 6. Be2 e6 7. O-O Nc6 8. h3 Bh5 9. Be3 cxd4 10. cxd4 Bb4 11.
Nc3 Qd6 12. g4 Bg6 13. Ne5 O-O 14. Nxg6 hxg6 15. Bf3 Rad8 16. Qa4 Bxc3 17. bxc3 Nd5 18. Bd2 e5 19. dxe5 Nxe5 20. Bg2 Nb6 21. Qxa7 Nc8 22.
Qd4 Qc7 23. Qf4 g5 24. Qxg5 f6 25. Qe3 Rd3 26. Qe2 Rfd8 27. Be3 Rxc3 28. Rac1 Nd6 29. Qb2 Rxc1 30. Rxc1 Ndc4 31. Qb3 Rd3 32. Qxb7 Qxb7 33.
Bxb7 Nxe3 34. Rc8+ Kf7 35. Rc7+ Kf8 36. Rc8+ Ke7 37. Rc7+ Kd6 38. Rxg7 Rd1+ 39. Kh2 Rd2 40. Kg3 Nf1+ 41. Kg2 Ne3+ 42. Kg3 Nc2 43. Be4 Nd4 44.
h4 Rxa2 45. h5 Ra3+ 46. Kg2 Ne6 47. Rg8 Nf4+ 48. Kh2 Rh3+ 49. Kg1 Ne2+ 50. Kg2 Nf4+ 51. Kg1 Kc5 52. g5 fxg5 53. Rxg5 Kd4 54. Bg2 Rh4 55. f3 Nxh5 56. Kf2 Nf6 57. Kg3 Rh8 58. Bh3 Nd5 59. f4 Nd3 60. f5 N5f4 61. Bf1 Ke5 62.
Bxd3 Rh3+ 63. Kg4 Rxd3 64. f6+ Ke4 65. f7 Ne6 66. Rg8 Rf3 67. Re8 Rf4+ 68. Kg3 Rf3+ 69.
Kg4 Rf4+ 70. Kg3 Rxf7 71. Rxe6+ Kd5 72. Re2 Kd6 1/2-1/2

[Event "*** Titled Tuesday 3|2 Blitz"]
[Site "Chess.com"]
[Date "2016.06.07"]
[Round "3"]
[White "1stSecond"]
[Black "Rumpel-VK"]
[Result "1-0"]
[WhiteElo "2609"]
[BlackElo "2401"]
[TimeControl "180+2"]
[EndTime "17:36:54 PDT"]
[Termination "1stSecond won on time"]

1. Nf3 d6 2. g3 e5 3. Bg2 Nf6 4.
d3 Be7 5. Nbd2 O-O 6. O-O c6 7.
e4 Nbd7 8. c3 Re8 9. Qc2 Nf8 10.
Rd1 Ng6 11. Nf1 Qc7 12. a4 Bd7 13. a5 b5 14. Ne3 a6 15. c4 Rac8 16. b3 Ng4 17.
Nf5 Bf8 18. h3 Nf6 19. Ne3 c5 20. Qe2 Be7 21. Nh2 Nf8 22. Nf5 Ne6 23. Nf3 Nd4 24. N3xd4 exd4 25. Nxe7+ Rxe7 26. Bf4 h6 27. g4 Rce8 28. Qf3 Bc6 29. Qg3 Re6 30. Bf3 Nd7 31.
h4 Ne5 32. Be2 bxc4 33. bxc4 Rb8 34. Bc1 Rb3 35. Qg2 Re8 36. f4 Nxc4 37. dxc4 Bxe4 38. Qf2 Ba8 39. Kh2 Qc6 40. Ra3 Rxa3 41. Bxa3 Qa4 42.
Bc1 Qc2 43. Bd2 d3 44. Bxd3 Qxd1 45. Kg3 Bf3 46. g5 Be2 47. Bxe2 Rxe2 48. Qf3 Qxd2 49. Kg4 g6 50. gxh6 Rg2+ 51. Kh3 Qe2 52. h7+ Kxh7 53. Qxg2 Qxg2+ 54. Kxg2 Kg7 55. Kf3 Kf6 56. Ke4 Ke6 57. f5+ Kf6 58. fxg6 fxg6 59. Kd5 Kf5 60.
Kc6 Kg4 61. Kb6 Kxh4 62. Kxa6 g5 63. Kb6 g4 64. a6 g3 65. a7 g2 66. a8=Q g1=Q 67.
Qh8+ Kg3 68. Qg8+ Kf2 69. Qxg1+ Kxg1 70. Kc6 Kf2 71. Kxd6 Ke3 72. Kxc5 1-0

[Event "*** Titled Tuesday 3|2 Blitz"]
[Site "Chess.com"]
[Date "2016.06.07"]
[Round "3"]
[White "Kawhi_Leonard2"]
[Black "Danhy"]
[Result "0-1"]
[WhiteElo "2033"]
[BlackElo "2469"]
[TimeControl "180+2"]
[EndTime "17:37:54 PDT"]
[Termination "Danhy won on time"]

1. e4 c5 2. Nf3 g6 3. d4 cxd4 4. Nxd4 Bg7 5. c4 Nc6 6. Be3 Nf6 7. Nc3 O-O 8. Be2 d6 9. O-O Bd7 10. Qd2 Nxd4 11. Bxd4 Bc6 12. f3 a5 13. Rab1 Nd7 14.
Bf2 Nc5 15. b3 Qb6 16. a3 Qc7 17.
Bd1 Rfc8 18. b4 axb4 19. axb4 Na4 20. Bxa4 Bxa4 21. Nd5 Qd8 22. Nb6 Bd7 23. Rfd1 Be6 24.
Nxc8 Qxc8 25. c5 dxc5 26. Bxc5 Ba2 27. Rbc1 Bb3 28. Bxe7 Qe8 29. Bc5 Bxd1 30. Rxd1 Qc6 31. Qd7 Qa6 32. Qe7 Bf6 33. Qd6 Qa4 34. Rd2 Rd8 35.
Qf4 Rxd2 36. Qxd2 Qa1+ 37. Kf2 h5 38. g3 Qh1 39. Ke3 Qg1+ 40. Kd3 Qf1+ 41. Qe2 Qa1 42. Ke3 Qc3+ 43. Qd3 Qe1+ 44. Qe2 Qg1+ 45. Kd3 Qa1 46. Ke3 b6 47. Bxb6 Qg1+ 48. Qf2 Qc1+ 49. Qd2 Qg1+ 50. Qf2 Qa1 51. Qd2 Bb2 52. Qd8+ Kh7 53. Bd4 Qe1+ 54. Kd3 Qd1+ 55. Kc4 Qc2+ 56. Kb5 Qd3+ 57. Kc5 Qc2+ 58.
Kb5 Bxd4 59. Qxd4 Qxh2 60. Qe5 h4 61. Qf6 Qxg3 62. Qxf7+ Kh6 63. Qf8+ Kg5 64. Qe7+ Kf4 65. e5 Kxf3 66. e6 Qe5+ 67. Kc4 Qe4+ 68. Kc5 h3 69.
Qf7+ Kg4 70. e7 Qe5+ 71. Kc4 Qe4+ 72. Kc5 Qe5+ 73. Kc6 h2 74. e8=Q h1=Q+ 75. Kb6 Qg1+ 76. Kb7 Qg2+ 77. Kb6 Qd6+ 0-1

[Event "*** Titled Tuesday 3|2 Blitz"]
[Site "Chess.com"]
[Date "2016.06.07"]
[Round "3"]
[White "matej2221"]
[Black "Yaacovn"]
[Result "0-1"]
[WhiteElo "2491"]
[BlackElo "2623"]
[TimeControl "180+2"]
[EndTime "17:37:59 PDT"]
[Termination "Yaacovn won by resignation"]

1. e4 c6 2. d4 d5 3. Nc3 dxe4 4. Nxe4 Nf6 5. Nxf6+ gxf6 6. c3 Qd5 7. Nf3 Bg4 8.
Be2 Nd7 9. h3 Bh5 10. c4 Qa5+ 11. Bd2 Qc7 12. b4 Rg8 13. O-O e6 14. b5 c5 15. d5 O-O-O 16. a4 exd5 17. cxd5 Nb6 18. a5 Nxd5 19. b6 axb6 20. axb6 Nxb6 21. Qc2 Bg6 22. Qb2 Be4 23. Ba5 Rd6 24. Rfd1 Re6 25. Bxb6 Qxb6 26. Ra8+ Kc7 27. Qxb6+ Kxb6 28. Rdd8 Bc6 29. Kf1 Kc7 30. Rac8+ Kb6 31. Rxf8 Rxf8 32. Rxf8 Re7 33. Nd2 Kc7 34. Ra8 b5 35. Ra7+ Kd6 36. Rxe7 Kxe7 37. Bf3 Bd7 38. Ke2 f5 39. Kd3 Kd6 40. Kc3 Be6 41. Nb3 b4+ 42. Kc2 c4 43. Nd4 Bd7 44. g3 f4 45.
g4 Ke5 46. Ne2 Ba4+ 47. Kb2 Bd1 48. Kc1 Ba4 49. Kb2 f6 50. h4 h6 51. Bb7 Bd1 52.
Bf3 c3+ 53. Kc1 Ba4 54. Kb1 Bb3 55. Kc1 Ba4 56. Kb1 Bb5 57. Kc2 Bc4 58. Nxc3 bxc3 59. Kxc3 Bf1 60. Kd2 Kd4 61. Bb7 Bc4 62. Bc8 Bb5 63.
Bf5 Ba6 64. Bd7 Bf1 65. Bf5 Bc4 66. Bc8 Bf1 67. Bf5 Bh3 68. Ke2 Ke5 69. Kf3 Bf1 70. Bc8 Bb5 71. Bb7 Ba4 72. Ba6 Bd1+ 73. Be2 Bc2 74. Bc4 Bd1+ 75. Be2 Ba4 76. Bd3 Bc6+ 77. Ke2 Bd7 78. Kf3 Bc6+ 79. Ke2 Bd5 80. Bb5 Kd4 81. Ba6 f3+ 82. Kd2 Ke4 83. Bc8 Kf4 84. Kd3 Bf7 85. Kd4 Bb3 86. Kd3 Ba4 87. h5 Bb5+ 88. Kd2 Bf1 89. Ke1 Bh3 90. g5 Bxc8 91.
gxh6 Bf5 92. Kd2 Bh7 93. Kc3 Kg5 94. Kc4 Kxh6 95. Kd4 Kxh5 96. Ke3 Kg4 97. Kd2 Kh3 0-1

[Event "*** Titled Tuesday 3|2 Blitz"]
[Site "Chess.com"]
[Date "2016.06.07"]
[Round "4"]
[White "metalbattler"]
[Black "BikingBrian"]
[Result "1-0"]
[WhiteElo "1984"]
[BlackElo "2095"]
[TimeControl "180+2"]
[EndTime "17:41:21 PDT"]
[Termination "metalbattler won by resignation"]

1. e4 c5 2. Nc3 Nc6 3. Bb5 Nd4 4. Nf3 Nxb5 5. Nxb5 a6 6. Nc3 g6 7. d4 cxd4 8. Qxd4 f6 9. O-O Bg7 10. Be3 Kf7 11.
Rad1 Nh6 12. Qc4+ e6 13. Nd4 Ng4 14. Nxe6 Nxe3 15. Nxd8+ 1-0

[Event "*** Titled Tuesday 3|2 Blitz"]
[Site "Chess.com"]
[Date "2016.06.07"]
[Round "4"]
[White "djgwards"]
[Black "Newlight1"]
[Result "0-1"]
[WhiteElo "2085"]
[BlackElo "2192"]
[TimeControl "180+2"]
[EndTime "17:42:04 PDT"]
[Termination "Newlight1 won by resignation"]

1. d4 Nf6 2. c4 c5 3. d5 e6 4. Nc3 exd5 5. cxd5 d6 6. e4 g6 7.
Nge2 Bg7 8. Ng3 O-O 9. Be2 a6 10.
a4 Re8 11. O-O Nbd7 12. f3 Qc7 13. Bg5 h6 14. Be3 Rb8 15. Qd2 c4 16. Bxh6 b5 17.
axb5 axb5 18. Bxg7 Kxg7 19. Rfc1 Qb6+ 20. Kh1 Nc5 21.
Bd1 Nd3 22. Be2 Nf2+ 0-1

[Event "*** Titled Tuesday 3|2 Blitz"]
[Site "Chess.com"]
[Date "2016.06.07"]
[Round "4"]
[White "Danhy"]
[Black "Rumpel-VK"]
[Result "1-0"]
[WhiteElo "2475"]
[BlackElo "2395"]
[TimeControl "180+2"]
[EndTime "17:42:56 PDT"]
[Termination "Danhy won by checkmate"]

1. e4 d6 2. d4 Nf6 3. Nc3 e5 4. Nf3 Nbd7 5. Bc4 Be7 6. Bxf7+ Kxf7 7. Ng5+ Kg8 8. Ne6 Qe8 9. Nxc7 Qg6 10. O-O Rb8 11.
f4 exd4 12. f5 Qf7 13. Qxd4 d5 14. Ne6 Qxe6 15. fxe6 Bc5 16. Be3 Bxd4 17. Bxd4 Nb6 18. Bxf6 gxf6 19. Rxf6 dxe4 20. Raf1 Kg7 21. Rf7+ Kg6 22.
R1f6+ Kh5 23. Nxe4 Nd5 24. Rf5+ Kg6 25. Rg5+ Kh6 26. Rxd5 b6 27. Rf6+ Kg7 28. Rg5# 1-0

[Event "*** Titled Tuesday 3|2 Blitz"]
[Site "Chess.com"]
[Date "2016.06.07"]
[Round "4"]
[White "evgenyermolaev"]
[Black "1random"]
[Result "1-0"]
[WhiteElo "2285"]
[BlackElo "2117"]
[TimeControl "180+2"]
[EndTime "17:43:15 PDT"]
[Termination "evgenyermolaev won by resignation"]

1. e4 Nf6 2. e5 Nd5 3. d4 d6 4. Nf3 g6 5. Bc4 Nb6 6. Bb3 Bg7 7. O-O O-O 8. Nc3 Bg4 9. exd6 cxd6 10. h3 Bxf3 11.
Qxf3 Nc6 12. d5 Nd4 13. Qd1 a5 14. Be3 Nxb3 15. axb3 Nd7 16. Bd4 Nc5 17. Bxg7 Kxg7 18. Qd4+ Kg8 19. Rfe1 Qd7 20. Na4 Rfc8 21. Nb6 Qc7 22.
Nxa8 Rxa8 23. b4 e5 24. dxe6 Nxe6 25. Qc3 Qd8 26. Rxa5 Rc8 27. Qd2 Qc7 28. c3 b6 29.
Rd5 1-0

[Event "*** Titled Tuesday 3|2 Blitz"]
[Site "Chess.com"]
[Date "2016.06.07"]
[Round "4"]
[White "Kawhi_Leonard2"]
[Black "Viaje"]
[Result "1-0"]
[WhiteElo "2044"]
[BlackElo "2138"]
[TimeControl "180+2"]
[EndTime "17:43:23 PDT"]
[Termination "Kawhi_Leonard2 won by resignation"]

1. e4 c5 2. Nf3 d6 3. d4 cxd4 4. Nxd4 Nf6 5. Nc3 a6 6. Bg5 e6 7. f4 Qb6 8. Nb3 Be7 9. Qd3 Nbd7 10. Be2 Qc7 11. Bf3 Rb8 12. O-O-O b5 13. Rhe1 Bb7 14. Qe2 O-O 15. e5 Bxf3 16. gxf3 dxe5 17. fxe5 Ba3 18.
Kb1 b4 19. Bxf6 gxf6 20. Rxd7 Qxd7 21. Ne4 Kh8 22. Nxf6 Qb7 23. Qd3 1-0

[Event "*** Titled Tuesday 3|2 Blitz"]
[Site "Chess.com"]
[Date "2016.06.07"]
[Round "4"]
[White "howitzer14"]
[Black "Boryboy"]
[Result "1-0"]
[WhiteElo "2683"]
[BlackElo "2546"]
[TimeControl "180+2"]
[EndTime "17:43:32 PDT"]
[Termination "howitzer14 won by resignation"]

1. e4 e6 2. d4 d5 3. Nd2 Be7 4. e5 c5 5. c3 Qb6 6. Ndf3 cxd4 7. cxd4 Nc6 8. Bd3 Bb4+ 9. Kf1 f6 10.
Nh3 Bd7 11. Be3 O-O-O 12. a3 Be7 13. b4 Kb8 14. Rc1 Nh6 15. b5 Na5 16. exf6 gxf6 17.
Bxh6 Bxb5 18. g3 Bxa3 19. Rb1 a6 20. Kg2 Bd6 21. Bg7 1-0

[Event "*** Titled Tuesday 3|2 Blitz"]
[Site "Chess.com"]
[Date "2016.06.07"]
[Round "4"]
[White "yopino"]
[Black "dretch"]
[Result "0-1"]
[WhiteElo "2260"]
[BlackElo "2628"]
[TimeControl "180+2"]
[EndTime "17:43:55 PDT"]
[Termination "dretch won by resignation"]

1. e4 e6 2. d4 d5 3. Nd2 c5 4.
Ngf3 cxd4 5. Nxd4 Nf6 6. exd5 Nxd5 7. Be2 Be7 8. N4f3 O-O 9. O-O b6 10. Ne5 Bb7 11. Ndf3 Nc6 12. Nxc6 Bxc6 13. Ne5 Bb7 14.
Bh5 Qc7 15. Re1 Rad8 16. Qe2 Bf6 17. Nd3 Ba6 18. a3 Rc8 19. Bf3 Qxc2 20. Qxc2 Rxc2 21. Bxd5 Bxd3 22. Bb3 Rcc8 0-1

[Event "*** Titled Tuesday 3|2 Blitz"]
[Site "Chess.com"]
[Date "2016.06.07"]
[Round "4"]
[White "Durarbayli"]
[Black "gmjoey1"]
[Result "0-1"]
[WhiteElo "2395"]
[BlackElo "2522"]
[TimeControl "180+2"]
[EndTime "17:44:21 PDT"]
[Termination "gmjoey1 won on time"]

1. e4 c6 2. d4 d5 3. e5 Bf5 4. Nf3 e6 5. Be2 c5 6. Be3 cxd4 7.
Nxd4 Ne7 8. Nd2 Nbc6 9. N2f3 Bg4 10.
O-O Bxf3 11. Nxf3 Ng6 12. Bb5 Qc7 13. Re1 a6 14. Bxc6+ bxc6 15. c4 Bb4 16. Bd2 Bxd2 17. Qxd2 O-O 18. Rac1 Qb7 19. h4 dxc4 20. Rxc4 Rfd8 21.
Qc1 Rac8 22. h5 Ne7 23. h6 Ng6 24. hxg7 Qb5 25. Qh6 Qxc4 26. Ng5 Qh4 0-1

[Event "*** Titled Tuesday 3|2 Blitz"]
[Site "Chess.com"]
[Date "2016.06.07"]
[Round "4"]
[White "Noukii"]
[Black "JusticeBot"]
[Result "0-1"]
[WhiteElo "2625"]
[BlackElo "2540"]
[TimeControl "180+2"]
[EndTime "17:44:27 PDT"]
[Termination "JusticeBot won on time"]

1. d4 Nf6 2. c4 e6 3. Nc3 Bb4 4. Nf3 O-O 5. Bg5 c5 6. e3 Qa5 7. Bd3 Bxc3+ 8. bxc3 Qxc3+ 9. Kf1 cxd4 10. Bxf6 gxf6 11.
exd4 Nc6 12. h4 Kh8 13. Rh3 Nxd4 14. Bxh7 Nxf3 15. Rxf3 Qxc4+ 16. Bd3 Qg4 17. Qd2 Qh5 18. Rxf6 Kg7 19. Qc3 e5 20. Rf5 Qxh4 0-1

[Event "*** Titled Tuesday 3|2 Blitz"]
[Site "Chess.com"]
[Date "2016.06.07"]
[Round "4"]
[White "chessking2151"]
[Black "Semetey"]
[Result "1-0"]
[WhiteElo "2329"]
[BlackElo "2457"]
[TimeControl "180+2"]
[EndTime "17:44:48 PDT"]
[Termination "chessking2151 won by checkmate"]

1. e4 c5 2. c3 Nf6 3. e5 Nd5 4. Nf3 Nc6 5. Bc4 Nb6 6. Bb3 c4 7. Bc2 Qc7 8. Qe2 g5 9. h3 Bg7 10. O-O Nxe5 11. Nxg5 h6 12. Nf3 d5 13. Re1 Nxf3+ 14. Qxf3 Be6 15. d4 O-O-O 16. a4 Nd7 17. Bf4 Qc6 18. a5 a6 19. Ba4 b5 20. axb6 Qxb6 21. Nd2 Nf6 22. b3 cxb3 23. Reb1 Bd7 24. Rxb3 Bb5 25. Rab1 Kd7 26. c4 dxc4 27. Nxc4 Qe6 28.
Rxb5 Ke8 29. Rb8+ Nd7 30. Rxd8+ Kxd8 31. Qa8+ Nb8 32. Rxb8+ Qc8 33. Rxc8# 1-0

[Event "*** Titled Tuesday 3|2 Blitz"]
[Site "Chess.com"]
[Date "2016.06.07"]
[Round "4"]
[White "saraswathii"]
[Black "akinov-akinseye"]
[Result "1-0"]
[WhiteElo "1966"]
[BlackElo "1707"]
[TimeControl "180+2"]
[EndTime "17:45:00 PDT"]
[Termination "saraswathii won by resignation"]

1. e4 e5 2. d3 Nf6 3. Nf3 Nc6 4. g3 Bc5 5. Bg2 d6 6. O-O O-O 7. c3 Bg4 8. h3 Be6 9. d4 exd4 10. cxd4 Bc4 11.
dxc5 Bxf1 12. Qxf1 dxc5 13. Nc3 Nd4 14. Bf4 c6 15. Rd1 Nxf3+ 16. Bxf3 Qa5 17. e5 Nd5 18. Nxd5 cxd5 19. Bxd5 Rad8 20. Qc4 b6 21. Bg5 Rc8 22. e6 b5 23. exf7+ Kh8 24. Qh4 Qa4 25. Qxa4 bxa4 26.
Be7 c4 27. Bxf8 Rxf8 28. Bxc4 g6 29. Rd7 Kg7 30. Rxa7 h5 31. Rxa4 g5 32. Ra7 g4 33.
hxg4 hxg4 34. Re7 Kf6 35. Re8 Rxf7 36. Bxf7 Kxf7 37. Re4 Kf6 38. Rf4+ Kg5 39. a4 Kg6 40. a5 Kg5 41. a6 Kg6 42. a7 Kg5 43. a8=Q Kg6 44. Qa5 Kh6 45. Rf6+ Kg7 46. Rb6 Kh7 47. Qa7+ 1-0

[Event "*** Titled Tuesday 3|2 Blitz"]
[Site "Chess.com"]
[Date "2016.06.07"]
[Round "4"]
[White "AlexanderL"]
[Black "MinhGTrAn"]
[Result "0-1"]
[WhiteElo "2584"]
[BlackElo "2648"]
[TimeControl "180+2"]
[EndTime "17:45:10 PDT"]
[Termination "MinhGTrAn won by resignation"]

1. d4 Nf6 2. c4 e6 3. Nc3 Bb4 4. Qc2 O-O 5. Nf3 c5 6. dxc5 Na6 7. g3 Nxc5 8. Bg2 b6 9. O-O Bb7 10. Nb5 Be4 11. Qd1 Nb7 12. a3 Be7 13. Bf4 d6 14. b4 a6 15. Nc3 Bc6 16. Qb3 Rc8 17. Rac1 Qc7 18. Nd5 exd5 19. cxd5 Nxd5 20. Nd4 Nxf4 21.
gxf4 Nc5 22. bxc5 Bxg2 23. cxd6 Qxd6 24. Nf5 Bxf1 25. Nxd6 Rxc1 26. Qb2 Rd1 27. Qc2 Ra1 28. Qb2 Bf6 29. Qxa1 Bxa1 30. Kxf1 Rd8 0-1